 Dungeon Crawl Stone Soup version 0.23.2 (webtiles) character file.

Game seed: 8775130734153022335

938 myga the Cutter (level 7, -2/52 HPs)
             Began as a Vampire Gladiator on Apr 7, 2019.
             Was an Initiate of Kikubaaqudgha.
             Killed by divine providence
             ... invoked by an orc priest
              (10 damage)
             ... on level 6 of the Dungeon.
             The game lasted 00:26:40 (5534 turns).

myga the Cutter (Vampire Gladiator)                 Turns: 5534, Time: 00:26:41

Health: -2/52      AC:  9    Str: 15    XL:     7   Next: 87%
Magic:  7/7        EV: 15    Int: 10    God:    Kikubaaqudgha [......]
Gold:   106        SH:  4    Dex: 16    Spells: 6/6 levels left

rFire    + . .     SeeInvis +   h - +4 dagger (venom)
rCold    . . .     Gourm    .   (no shield)
rNeg     + . .     Faith    .   b - +2 leather armour {rF+}
rPois    .         Spirit   .   E - +2 helmet
rElec    .         Reflect  +   (no cloak)
rCorr    .         Harm     .   (no gloves)
MR       .....                  A - +0 pair of boots
Stlth    +++.......             q - +4 amulet of reflection
HPRegen  0.17/turn              (no ring)
MPRegen  0.10/turn              (no ring)

@: no status effects
A: fangs 3, see invisible, unbreathing
a: Bat Form, Renounce Religion


You were on level 6 of the Dungeon.
You worshipped Kikubaaqudgha.
Kikubaaqudgha was noncommittal.
You were not thirsty.

You visited 2 branches of the dungeon, and saw 6 of its levels.

You collected 106 gold pieces.

Inventory:

Hand Weapons
 a - a +1 rapier
 h - a +4 dagger of venom (weapon)
 r - a +0 hunting sling
 C - a +1 dagger of protection
 J - a +0 rapier
 M - a +0 scimitar
Missiles
 d - 3 throwing nets
 i - 129 stones (quivered)
 u - 24 sling bullets
 v - 6 tomahawks
Armour
 b - a +2 leather armour of fire resistance (worn)
 c - a +0 helmet
 p - a +0 helmet
 s - a +0 leather armour
 A - a +0 pair of boots (worn)
 D - a +0 animal skin
 E - a +2 helmet (worn)
 G - a +0 leather armour
 I - a +0 robe
 K - a +2 leather armour of cold resistance
Jewellery
 q - a +4 amulet of reflection (around neck)
Wands
 g - a wand of clouds (9)
 y - a wand of paralysis (7)
Scrolls
 f - 4 scrolls of remove curse
 j - a scroll of enchant weapon
 o - a scroll of enchant armour {unknown}
 w - a scroll of magic mapping {unknown}
 x - 2 scrolls of teleportation
 B - a scroll of immolation {unknown}
Potions
 e - 8 potions of blood
 k - 2 potions of agility {unknown}
 l - 2 potions of heal wounds {unknown}
 m - a potion of lignification {unknown}
 n - a potion of flight {unknown}
 z - a potion of mutation {unknown}
 F - a potion of haste {unknown}
 H - a potion of curing {unknown}
 L - a potion of degeneration {unknown}
Comestibles
 t - 5 rations


   Skills:
 + Level 3.1 Fighting
 + Level 6.9 Short Blades
 + Level 2.4 Throwing
 + Level 2.4 Armour
 + Level 5.0 Dodging
 + Level 5.4 Stealth


You had 6 spell levels left.
You didn't know any spells.
Your spell library was empty.

Dungeon Overview and Level Annotations

Branches:
Dungeon (4/15)             Temple (1/1) D:4

Altars:
Cheibriados
Dithmenos
Elyvilon
Fedhas
Gozag
Kikubaaqudgha
Makhleb
Nemelex Xobeh
Sif Muna
Trog
Uskayaw
Vehumet
Wu Jian
Zin


Innate Abilities, Weirdness & Mutations

You have razor-sharp teeth.
You have supernaturally acute eyesight. (SInv)
You can survive without breathing.


Message History

You feel resistant to fire.
You hit the orc.
The orc is poisoned.
The orc is moderately wounded.
You block the orc's attack.
You hit the orc.
You kill the orc!
Kikubaaqudgha accepts your kill.
The orc priest shouts!
The orc shouts!
Things that are here:
a +0 short sword; an orc corpse You hit the orc.
The orc is poisoned.
You bite the orc, but do no damage.
The orc is heavily wounded.
The orc hits you.
* * * LOW HITPOINT WARNING * * *
You kill the orc!
Kikubaaqudgha accepts your kill.
The orc priest calls down the wrath of Beogh upon you.
Beogh smites you!
You die...
Kikubaaqudgha rasps: "You have failed me!
Welcome... oblivion!"

#..........# #.#
#..........###.#
#..........'...#
#..........##### #######'#'##
#.#.# #.#.###########
#.#.....รท.....#
####....#######@###########.#
........'.......)oo.o># #.#
........###################(#
........# #.lC...)(.#
(...C<#.# #.#########
.......l# #.#
........###########)#
#.....(..(lC..O.(.#
#....##############


You could see an orc priest and 2 orcs.

Vanquished Creatures
  Grinder (D:3)
  Duvessa (D:4)
  An ogre (D:6)
  Dowan (D:4)
  A scorpion (D:4)
  A hound (D:4)
  An orc priest (D:4)
  Natasha (twice) (D:4)
  5 worker ants
  An orc wizard (D:6)
  Robin (D:4)
  3 adders
  3 gnolls (D:4)
  An ooze (D:1)
  A worm (D:3)
  A dart slug (D:1)
  3 leopard geckos
  6 orcs
  2 ball pythons
  3 bats (D:3)
  4 giant cockroaches
  13 hobgoblins
  14 jackals
  4 quokkas
  4 frilled lizards
  15 goblins
  7 kobolds
  12 rats
112 creatures vanquished.

Vanquished Creatures (others)
  4 toadstools (D:1)
4 creatures vanquished.

Grand Total: 116 creatures vanquished

Notes
Turn   | Place    | Note
-------+----------+-------------------------------------------
     0 | D:1      | myga the Vampire Gladiator began the quest for the Orb.
     0 | D:1      | Reached XP level 1. HP: 16/16 MP: 1/1
   170 | D:1      | Reached XP level 2. HP: 19/22 MP: 2/2
   506 | D:1      | Reached XP level 3. HP: 27/27 MP: 3/3
   995 | D:2      | Reached skill level 4 in Short Blades
  1745 | D:3      | Reached skill level 1 in Stealth
  1745 | D:3      | Reached XP level 4. HP: 33/33 MP: 4/4
  1787 | D:3      | Noticed Grinder
  1801 | D:3      | Paralysed by Grinder for 3 turns
  1805 | D:3      | Killed Grinder
  1805 | D:3      | Reached skill level 5 in Short Blades
  1805 | D:3      | Reached skill level 1 in Armour
  1805 | D:3      | Reached XP level 5. HP: 29/39 MP: 5/5
  1805 | D:3      | Reached XP level 6. HP: 34/46 MP: 6/6
  2733 | D:4      | Found a hide-covered altar of Uskayaw.
  2808 | D:4      | Noticed Robin
  2822 | D:4      | Killed Robin
  3468 | D:4      | Reached skill level 5 in Stealth
  4029 | D:4      | Reached XP level 7. HP: 46/51 MP: 7/7
  4061 | D:4      | Reached skill level 6 in Short Blades
  4220 | D:4      | Noticed Duvessa
  4220 | D:4      | Noticed Dowan
  4231 | D:4      | Noticed Natasha
  4247 | D:4      | Killed Duvessa
  4255 | D:4      | Killed Natasha
  4907 | D:4      | Killed Dowan
  4954 | D:4      | Found a staircase to the Ecumenical Temple.
  4968 | Temple   | Entered the Ecumenical Temple
  5086 | Temple   | Became a worshipper of Kikubaaqudgha
  5172 | D:4      | Found a blossoming altar of Fedhas.
  5172 | D:4      | Found a snail-covered altar of Cheibriados.
  5288 | D:4      | Noticed Natasha
  5295 | D:4      | Killed Natasha
  5330 | D:4      | Found an opulent altar of Gozag.
  5374 | D:4      | You fall through a shaft for 2 floors!
  5446 | D:6      | Noticed a cyclops
  5485 | D:6      | Reached skill level 5 in Dodging
  5534 | D:6      | Killed from afar by an orc priest

Skill      XL: |  1  2  3  4  5  6  7 |
---------------+----------------------+-----
Short Blades   | 4 5 6 |  6.9
Fighting       | 2 3 |  3.1
Dodging        | 4 5 |  5.0
Stealth        | 1 3 5 |  5.4
Armour         | 1 2 |  2.4
Throwing       | 2 |  2.4

Action                   |  1- 3 |  4- 6 |  7- 9 || total
-------------------------+-------+-------+-------++-------
Melee: Rapier            |   112 |   168 |    37 ||   317
       Bite              |     8 |    13 |    17 ||    38
       Dagger            |       |       |    38 ||    38
Throw: Stone             |     3 |    11 |     1 ||    15
       Tomahawk          |       |     5 |     8 ||    13
 Abil: End Transformatio |       |       |     2 ||     2
       Bat Form          |       |       |     2 ||     2
  Use: Scroll            |     2 |     1 |       ||     3
       Potion            |     1 |     3 |     5 ||     9
 Stab: Sleeping          |     6 |    10 |     1 ||    17
Armor: Leather armour    |    17 |    27 |     7 ||    51
Dodge: Dodged            |    49 |    86 |    39 ||   174
Block: Other             |     3 |    19 |     6 ||    28
       Reflection        |       |       |     1 ||     1
